 Dungeon Crawl Stone Soup version 0.20.1-1-g8b1a95d (webtiles) character file.

53531 arttle the Destroyer (level 14, -4/96 HPs)
             Began as a Gargoyle Fire Elementalist on Nov 4, 2017.
             Was a High Priest of Vehumet.
             Killed by divine providence
             ... invoked by an orc priest
              (17 damage)
             ... on level 1 of the Orcish Mines.
             The game lasted 03:22:21 (29204 turns).

arttle the Destroyer (Gargoyle Fire Elementalist)  Turns: 29204, Time: 03:22:22

Health: -4/96      AC: 20    Str: 12    XL:     14   Next: 68%
Magic:  2/27       EV: 20    Int: 27    God:    Vehumet [*****.]
Gold:   1485       SH:  0    Dex: 11    Spells: 5/32 levels left

rFire    + . .     SeeInvis .   U - staff of fire
rCold    . . .     Gourm    +   (no shield)
rNeg     + + .     Faith    .   x - +0 leather armour "Ajaliol" {Int+8 Dex-4}
rPois    ∞         Spirit   .   t - +2 helmet
rElec    +         Reflect  .   S - scarf {cloud immunity}
rCorr    .         Harm     .   h - +2 pair of gloves
MR       +....                  (no boots)
Stlth    ++++......             j - amulet of the gourmand
Regen    0.3/turn               f - ring of positive energy
MPRegen  0.2/turn               m - ring of stealth

@: agile, berserk cooldown, flying, hasted and slowed
A: big wings, dopey 1, negative energy resistance 1, robust 1, electricity
resistance, unbreathing, petrification resistance, rot immunity, AC +9
a: Stop Flying, Renounce Religion


You were on level 1 of the Orcish Mines.
You worshipped Vehumet.
Vehumet was extremely pleased with you.
You were very full.

You visited 4 branches of the dungeon, and saw 18 of its levels.
You also visited: Labyrinth.

You collected 1485 gold pieces.

Inventory:

Hand Weapons
 s - a +0 whip
 F - a +2 flail of holy wrath
Armour
 e - a +0 pair of boots of running
 h - a +2 pair of gloves (worn)
 t - a +2 helmet (worn)
 x - the +0 leather armour "Ajaliol" (worn) {Int+8 Dex-4}
   (You found it in a labyrinth)

   It affects your intelligence (+8).
   It affects your dexterity (-4).
 H - a +2 leather armour of poison resistance
 S - a scarf of cloud immunity (worn)
Magical Staves
 J - an uncursed staff of death
 U - an uncursed staff of fire (weapon)
Jewellery
 f - a ring of positive energy (left hand)
 j - an amulet of the gourmand (around neck)
 m - a ring of stealth (right hand)
 A - an uncursed amulet of regeneration
 Q - the amulet "Irifat" {Reflect rN+ Str+4 SH+2}
   (You acquired it in a labyrinth)

   [amulet of reflection]

   It shields you and reflects attacks.
   It affects your strength (+4).
   It protects you from negative energy.
   It affects your SH (+2).
 R - a +2 ring of strength
Wands
 i - a wand of flame (20/48)
 k - a wand of flame (23/48)
 u - a wand of digging (0/24)
 w - a wand of polymorph (8/24)
 y - a wand of enslavement (9/24)
 G - a wand of polymorph (5/24)
 L - a wand of iceblast (5/15)
 X - a wand of flame (25/48)
Scrolls
 d - 13 scrolls of identify
 p - 4 scrolls of remove curse
 r - 2 scrolls of enchant armour
 z - a scroll of holy word
 B - a scroll of immolation
 I - 2 scrolls of magic mapping
 M - 3 scrolls of enchant weapon
 T - a scroll of amnesia
Potions
 n - 2 potions of flight
 E - 2 potions of curing
 K - a potion of cancellation
 N - 2 potions of agility
 Z - a potion of brilliance
Books
 a - a book of the Tempests

   Spells                             Type                      Level
   a - Static Discharge               Conjuration/Air              3
   b - Lightning Bolt                 Conjuration/Air              5
   c - Ignition                       Fire                         8
   d - Tornado                        Air                          9
   e - Shatter                        Earth                        9
 b - a book of Flames

   Spells                             Type                      Level
   a - Flame Tongue                   Conjuration/Fire             1
   b - Throw Flame                    Conjuration/Fire             2
   c - Conjure Flame                  Conjuration/Fire             3
   d - Inner Flame                    Hexes/Fire                   3
   e - Sticky Flame                   Conjuration/Fire             4
   f - Fireball                       Conjuration/Fire             5
 o - a book of Minor Magic

   Spells                             Type                      Level
   a - Magic Dart                     Conjuration                  1
   b - Blink                          Translocation                2
   c - Call Imp                       Summoning                    2
   d - Slow                           Hexes                        2
   e - Conjure Flame                  Conjuration/Fire             3
   f - Mephitic Cloud                 Conjuration/Poison/Air       3
 q - a book of Frost

   Spells                             Type                      Level
   a - Freeze                         Ice                          1
   b - Throw Frost                    Conjuration/Ice              2
   c - Ozocubu's Armour               Charms/Ice                   3
   d - Throw Icicle                   Conjuration/Ice              4
   e - Summon Ice Beast               Ice/Summoning                4
 D - a book of Callings

   Spells                             Type                      Level
   a - Summon Small Mammal            Summoning                    1
   b - Call Imp                       Summoning                    2
   c - Call Canine Familiar           Summoning                    3
   d - Summon Guardian Golem          Hexes/Summoning              3
   e - Summon Lightning Spire         Summoning/Air                4
   f - Summon Ice Beast               Ice/Summoning                4
 O - Ushashel's Guide on Boosts
   (You found it in a labyrinth)

   Spells                             Type                      Level
   a - Shroud of Golubria             Charms/Translocation         2
   b - Ozocubu's Armour               Charms/Ice                   3
   c - Excruciating Wounds            Charms/Necromancy            5
   d - Iskenderun's Battlesphere      Conjuration/Charms           5
   e - Deflect Missiles               Charms/Air                   6
 Y - a book of Necromancy

   Spells                             Type                      Level
   a - Pain                           Necromancy                   1
   b - Animate Skeleton               Necromancy                   1
   c - Vampiric Draining              Necromancy                   3
   d - Regeneration                   Charms/Necromancy            3
   e - Animate Dead                   Necromancy                   4
   f - Control Undead                 Necromancy                   4
Comestibles
 c - 8 bread rations
 g - 8 royal jellies
 l - 11 meat rations
 v - 23 fruits
 C - 9 chunks of flesh


   Skills:
 + Level 10.2 Fighting
 + Level 8.9 Armour
 + Level 7.5 Dodging
 - Level 2.1 Stealth
 + Level 9.8 Spellcasting
 * Level 12.6 Conjurations
 * Level 11.3 Fire Magic
 + Level 5.2 Air Magic
 - Level 4.7 Poison Magic


You had 5 spell levels left.
You knew the following spells:

 Your Spells              Type           Power        Failure   Level  Hunger
a - Flame Tongue          Conj/Fire      #####        1%          1    None
b - Blink                 Tloc           N/A          9%          2    None
c - Conjure Flame         Conj/Fire      #######.     1%          3    None
e - Fireball              Conj/Fire      #######...   1%          5    ####...
m - Mephitic Cloud        Conj/Pois/Air  ######..     1%          3    None
t - Tornado               Air            #####.....   100%        9    #######
z - Sticky Flame          Conj/Fire      #######.     1%          4    None


Dungeon Overview and Level Annotations

Branches:
Dungeon (9/15)             Temple (1/1) D:7            Lair (6/6) D:8
 Shoals (0/4) Lair:3       Spider (0/4) Lair:4        Slime (0/5) Lair:5
    Orc (2/2) D:9             Elf (0/3) Orc:2

Altars:
Ashenzari
Dithmenos
Gozag
Hepliaklqana
Kikubaaqudgha
Nemelex Xobeh
Okawaru
Ru
Sif Muna
Trog
Uskayaw
Vehumet
Beogh
Jiyva

Shops:
D:4 (   D:8 :   Orc:2 *:?!(

Annotations:
Lair:1 exclusion: 3 oklob plants
Lair:5 Rupert


Innate Abilities, Weirdness & Mutations

You are resistant to torment.
Your stone body is resilient. (AC +9)
You are immune to poison.
Your large and strong wings let you fly indefinitely.
You resist negative energy. (rN+)
You are resistant to electric shocks. (rElec)
You can survive without breathing.
You are immune to petrification.
You are immune to rotting.
You are dopey. (Int -2)
You are robust. (+10% HP)


Message History

The orc warlord hits you but does no damage.
Something closely misses you.
You barely miss something.
The orc warlord hits you but does no damage.
The orc priest casts a cantrip, but nothing happens.
Something hits you but does no damage.
Casting: Flame Tongue
Confirm with . or Enter, or press ? or * to list all spells.
Aiming: Sticky Flame
Press: ? - help, Shift-Dir - straight line, f/p - orc warlord
Aim: an orc warlord, wielding a war axe, wearing a plate armour and wearing a large shield (heavily wounded)
You feel a surge of power!
The sticky flame hits the orc warlord.
The orc warlord is heavily wounded.
The orc warlord is covered in liquid flames!
The orc warlord burns!
The orc warlord roars a battlecry!
The orcs go into a battle-frenzy!
The orc priest mumbles some strange prayers to Beogh against you.
Beogh smites you!
You die...

##### ******####* ####...#
**,,,,,,...## ##.#...##
#####*,,,*#***...# ##.......##
.#..#*,,,.#.*,,))# #.....#....
....#*,*,....,,#o#######....#....
....#*,**$8$8(##O##.#......#####.
....#*©*,.$_|)|#o##©......###.#..
....#*,**:8$8o##@##....)...#..>..
....#*,*,$...,,#)###.....#<......
....#*,,,.#.#.§oo##....###.......
##..#*,,,*#*##.oo##..### ##..####
#...#**,,,,,....###.## ####
#...##*****#####*##.#
.....#############..#
....................#
.....##############.####


You could see an orc warlord (burning), a two-headed ogre, an orc warrior, 2 orc
priests and 2 orcs.

Vanquished Creatures
  A minotaur (Lab)
  Erolcha (Orc:2)
  3 hydras
  10 death yaks
  Urug (Lair:5)
  2 ogre magi (Orc:2)
  An oklob plant (Lair:1)
  A wolf spider (Lair:6)
  3 orc knights (Orc:1)
  9 orc sorcerers
  6 elephants
  2 black mambas
  19 spiny frogs
  2 rime drakes (Lair:5)
  9 komodo dragons
  3 trolls
  2 jumping spiders (Lair:4)
  3 polar bears
  2 tyrant leeches (Lair:6)
  A hornet (D:9)
  Grinder (D:2)
  19 blink frogs
  9 hippogriffs
  2 redbacks (Lair:4)
  Sigmund (D:6)
  4 hogs (D:7)
  4 wyverns
  3 basilisks
  25 yaks
  2 humans
  The ghost of Minstaer the Slasher, an amateur HuMo (D:3)
  4 wargs
  7 vampire mosquitoes
  12 water moccasins
  12 porcupines
  Duvessa (D:4)
  An ice beast (D:9)
  15 orc warriors
  A black bear (D:9)
  2 sky beasts
  An eye of draining (D:9)
  A phantom (D:5)
  11 wolves
  9 ogres
  4 centaurs (Lair:3)
  8 crocodiles
  A big kobold (D:9)
  22 bullfrogs
  Dowan (D:4)
  2 scorpions
  An electric eel (Lair:1)
  A howler monkey (D:5)
  5 wights (D:7)
  2 crimson imps (D:5)
  2 gnoll shamans
  13 orc priests
  6 hounds
  42 orc wizards
  A centaur skeleton (D:8)
  2 iguanas
  6 worker ants
  2 hound zombies
  A hound skeleton (D:6)
  Robin (D:3)
  A worker ant zombie (D:6)
  14 gnolls
  12 adders
  3 shadow imps
  An ooze (D:2)
  4 worms
  A dart slug (D:1)
  9 leopard geckos
  77 orcs
  12 giant cockroaches
  19 goblins
  12 hobgoblins
  7 jackals
  10 kobolds
  8 quokkas
  2 ball pythons
  9 bats
  10 frilled lizards
  A giant cockroach zombie (D:6)
  A jackal skeleton (D:6)
  10 rats
  2 plants (Lair:1)
577 creatures vanquished.

Vanquished Creatures (collateral kills)
  A redback (Lair:4)
1 creature vanquished.

Vanquished Creatures (others)
  An orc wizard (Orc:2)
  3 bushes (Lair:6)
  47 fungi
  108 plants
159 creatures vanquished.

Grand Total: 737 creatures vanquished

Notes
Turn   | Place    | Note
-------+----------+-------------------------------------------
     0 | D:1      | arttle the Gargoyle Fire Elementalist began the quest for the Orb.
     0 | D:1      | Reached XP level 1. HP: 10/10 MP: 3/3
   345 | D:1      | Reached XP level 2. HP: 15/15 MP: 1/5
   666 | D:1      | Reached skill level 2 in Conjurations
   986 | D:1      | Reached XP level 3. HP: 19/19 MP: 3/6
  1263 | D:2      | Learned a level 3 spell: Conjure Flame
  1288 | D:2      | Found a hazy altar of Hepliaklqana.
  1631 | D:2      | Found an iron altar of Okawaru.
  1754 | D:2      | Found an opulent altar of Gozag.
  1846 | D:2      | Reached skill level 3 in Conjurations
  1846 | D:2      | Reached XP level 4. HP: 24/24 MP: 3/7
  2405 | D:3      | Noticed Minstaer's ghost (amateur HuMo)
  2452 | D:3      | Learned a level 4 spell: Sticky Flame
  2495 | D:3      | Found a shattered altar of Ashenzari.
  2745 | D:3      | Reached XP level 5. HP: 28/28 MP: 4/9
  2825 | D:3      | Noticed Robin
  2846 | D:3      | Killed Robin
  3156 | D:3      | Reached skill level 4 in Conjurations
  3184 | D:3      | Noticed Grinder
  3292 | D:3      | Paralysed by Grinder for 6 turns
  3318 | D:2      | Paralysed by Grinder for 2 turns
  3323 | D:2      | Paralysed by Grinder for 7 turns
  3332 | D:2      | Killed Grinder
  3332 | D:2      | Reached XP level 6. HP: 21/32 MP: 1/11
  3524 | D:3      | Found a deep blue altar of Sif Muna.
  3905 | D:4      | Reached XP level 7. HP: 36/36 MP: 8/12
  3916 | D:4      | Learned a level 5 spell: Fireball
  3951 | D:4      | Noticed Duvessa
  3953 | D:4      | Noticed Dowan
  3984 | D:4      | Reached skill level 5 in Conjurations
  3993 | D:4      | Killed Duvessa
  3993 | D:4      | Reached skill level 5 in Fire Magic
  4016 | D:4      | Killed Dowan
  4228 | D:4      | Found Lougror's Weapon Boutique.
  5174 | D:5      | Entered Level 5 of the Dungeon
  5339 | D:5      | Reached skill level 6 in Conjurations
  5339 | D:5      | Reached XP level 8. HP: 41/41 MP: 9/15
  5448 | D:5      | Reached skill level 5 in Spellcasting
  5766 | D:5      | Reached skill level 1 in Fighting
  6573 | D:6      | Noticed Sigmund
  6578 | D:6      | Killed Sigmund
  6578 | D:6      | Reached XP level 9. HP: 36/49 MP: 8/17
  6616 | D:6      | Reached skill level 7 in Conjurations
  7199 | D:6      | Learned a level 1 spell: Flame Tongue
  7226 | D:6      | Learned a level 3 spell: Mephitic Cloud
  8450 | D:7      | Found a staircase to the Ecumenical Temple.
  8454 | Temple   | Entered the Ecumenical Temple
  8458 | Temple   | Became a worshipper of Vehumet
  8507 | D:7      | Reached skill level 1 in Armour
  8879 | D:7      | Found a hide-covered altar of Uskayaw.
  9482 | D:7      | Learned a level 2 spell: Blink
  9671 | D:3      | Reached * piety under Vehumet
  9671 | D:3      | Offered knowledge of Sting by Vehumet.
  9785 | D:3      | Killed Minstaer's ghost
  9785 | D:3      | Reached XP level 10. HP: 56/58 MP: 2/19
  9994 | D:8      | Reached skill level 5 in Fighting
  9994 | D:8      | Reached skill level 8 in Conjurations
 10034 | D:8      | Found a staircase to the Lair.
 10105 | D:8      | Found a bloodstained altar of Trog.
 10205 | D:8      | Found Xuphouru's Book Shoppe.
 10354 | Lair:1   | Entered Level 1 of the Lair of Beasts
 10704 | Lair:1   | Noticed a six-headed hydra
 10713 | Lair:1   | Killed a six-headed hydra
 11315 | Lair:1   | Noticed an oklob plant
 11315 | Lair:1   | Noticed a spiny frog
 11315 | Lair:1   | Noticed a spiny frog
 11315 | Lair:1   | Noticed an oklob plant
 11412 | D:8      | Killed a spiny frog
 11677 | Lair:1   | Killed a spiny frog
 11677 | Lair:1   | Reached skill level 1 in Poison Magic
 11825 | Lair:1   | Reached skill level 1 in Air Magic
 11825 | Lair:1   | Reached XP level 11. HP: 64/64 MP: 15/21
 12138 | Lair:1   | Reached skill level 5 in Dodging
 12305 | Lair:1   | Noticed an oklob plant
 12305 | Lair:1   | Noticed an oklob plant
 12718 | Lair:1   | Killed an oklob plant
 12718 | Lair:1   | Reached skill level 9 in Conjurations
 13077 | Lair:2   | Reached skill level 5 in Armour
 14642 | Lair:2   | Reached ** piety under Vehumet
 14692 | Lair:2   | Offered knowledge of Throw Frost by Vehumet.
 15179 | Lair:3   | Noticed a death yak
 15181 | Lair:3   | Noticed a death yak
 15212 | Lair:3   | Noticed a death yak
 15330 | Lair:2   | Killed a death yak
 15330 | Lair:2   | Reached XP level 12. HP: 58/72 MP: 6/23
 15807 | Lair:3   | Found a staircase to the Shoals.
 16111 | Lair:3   | Noticed a death yak
 16126 | Lair:3   | Killed a death yak
 16137 | Lair:3   | Killed a death yak
 16158 | Lair:3   | Killed a death yak
 16910 | Lair:4   | Reached skill level 10 in Conjurations
 16917 | Lair:4   | Offered knowledge of Dazzling Spray by Vehumet.
 17373 | Lair:4   | Reached *** piety under Vehumet
 17412 | Lair:4   | Noticed a death yak
 17412 | Lair:4   | Noticed a death yak
 17413 | Lair:4   | Noticed a death yak
 17414 | Lair:4   | Noticed a death yak
 17423 | Lair:4   | Noticed a death yak
 17424 | Lair:4   | Killed a death yak
 17428 | Lair:4   | Noticed a death yak
 17435 | Lair:4   | Killed a death yak
 17457 | Lair:4   | Killed a death yak
 17839 | Lair:3   | Killed a death yak
 18101 | Lair:4   | Found a hole to the Spider Nest.
 18105 | Lair:4   | Reached XP level 13. HP: 79/79 MP: 21/25
 18544 | Lair:4   | Offered knowledge of Stone Arrow by Vehumet.
 19197 | Lair:4   | Reached skill level 10 in Fire Magic
 19511 | Lair:5   | Reached skill level 11 in Conjurations
 19806 | Lair:5   | Noticed Rupert
 19825 | Lair:5   | Paralysed by Rupert for 4 turns
 20157 | Lair:5   | Noticed Urug
 20498 | Lair:5   | Found a viscous altar of Jiyva.
 20498 | Lair:5   | Found a staircase to the Slime Pits.
 20593 | Lair:5   | Paralysed by Rupert for 7 turns
 21305 | Lair:6   | Entered Level 6 of the Lair of Beasts
 21436 | Lair:4   | Reached **** piety under Vehumet
 21656 | Lair:5   | Offered knowledge of Airstrike by Vehumet.
 21770 | Lair:5   | Learned a level 9 spell: Tornado
 21839 | Lair:5   | Killed Urug
 23244 | Lair:6   | Gained mutation: Your large and strong wings let you fly indefinitely. [Gargoyle growth]
 23244 | Lair:6   | Reached XP level 14. HP: 77/86 MP: 16/27
 23773 | Lair:5   | Paralysed by Rupert for 5 turns
 23807 | Lair:5   | Paralysed by Rupert for 2 turns
 24277 | D:9      | Reached ***** piety under Vehumet
 24286 | D:9      | Reached skill level 12 in Conjurations
 24465 | D:9      | Found a staircase to the Orcish Mines.
 24478 | D:9      | Offered knowledge of Throw Icicle by Vehumet.
 25551 | Orc:1    | Entered Level 1 of the Orcish Mines
 25551 | Orc:1    | Found a transporter.
 25677 | Orc:1    | Gained mutation: You are robust. (+10% HP) [mutagenic meat]
 25678 | Orc:1    | Gained mutation: You are dopey. (Int -2) [mutagenic meat]
 25754 | Orc:2    | Entered Level 2 of the Orcish Mines
 25910 | Orc:2    | Found Iphutt's Assorted Antiques.
 25963 | Orc:2    | Found a staircase to the Elven Halls.
 25979 | Orc:2    | Found a labyrinth entrance.
 25986 | Lab      | Entered a labyrinth
 26161 | Lab      | Identified Ushashel's Guide on Boosts
 26180 | Lab      | Identified a scroll of acquirement
 26181 | Lab      | Got a slimy zirconium amulet
 26183 | Lab      | Identified the amulet "Irifat" {Reflect rN+ Str+4 SH+2} (You acquired it in a labyrinth)
 26198 | Lab      | Got a shimmering leather armour
 26216 | Orc:2    | Identified the +0 leather armour "Ajaliol" {Int+8 Dex-4} (You found it in a labyrinth)
 26875 | Orc:2    | Found Teahuh's Antique Weapon Shoppe.
 26898 | Orc:2    | Found an ancient bone altar of Kikubaaqudgha.
 26913 | Orc:2    | Reached skill level 10 in Fighting
 26913 | Orc:2    | Reached skill level 5 in Air Magic
 27158 | Orc:2    | Found Ymiulef's Magic Scroll Emporium.
 27205 | Orc:2    | Noticed Erolcha
 27219 | Orc:2    | Killed Erolcha
 27464 | Orc:2    | Found a radiant altar of Vehumet.
 27502 | Orc:2    | Found a roughly hewn altar of Beogh.
 27502 | Orc:2    | Found Fenuth's Distillery.
 27502 | Orc:2    | Found Bujuiss's Book Shoppe.
 29161 | Orc:1    | Found a roughly hewn altar of Beogh.
 29162 | Orc:1    | Noticed an orc warlord
 29204 | Orc:1    | Killed from afar by an orc priest

Skill      XL: |  1  2  3  4  5  6  7  8  9 10 11 12 13 14 |
---------------+-------------------------------------------+-----
Conjurations   | 2 3 4 6 7 8 9 10 11 12 | 12.6
Fire Magic     | 4 5 6 7 8 9 10 11 | 11.3
Spellcasting   | 3 4 5 6 7 8 9 |  9.8
Fighting       | 2 4 6 7 8 9 10 | 10.2
Dodging        | 2 3 4 5 6 7 |  7.5
Armour         | 2 4 6 7 8 |  8.9
Poison Magic   | 1 3 4 |  4.7
Air Magic      | 1 3 4 5 |  5.2
Stealth        | |  2.1

Action                   |  1- 3 |  4- 6 |  7- 9 | 10-12 | 13-15 || total
-------------------------+-------+-------+-------+-------+-------++-------
Melee: Unarmed           |    13 |       |       |       |       ||    13
       Dagger            |    13 |    23 |       |       |       ||    36
       Whip              |       |    23 |       |    21 |    41 ||    85
       Short sword       |       |       |    88 |       |       ||    88
       Flail             |       |       |    10 |       |       ||    10
       Staff             |       |       |       |       |    27 ||    27
 Cast: Flame Tongue      |    75 |    97 |   341 |   432 |   610 ||  1555
       Sticky Flame      |       |     5 |    12 |    61 |   149 ||   227
       Mephitic Cloud    |       |       |    15 |    19 |    29 ||    63
       Conjure Flame     |       |       |     2 |    14 |    14 ||    30
       Fireball          |       |       |       |    18 |    48 ||    66
       Blink             |       |       |       |     5 |    45 ||    50
 Abil: Fly               |       |       |       |       |     1 ||     1
Evoke: Wand              |       |       |       |       |     4 ||     4
  Use: Potion            |     1 |       |     4 |       |    13 ||    18
       Scroll            |       |     3 |     8 |     6 |     9 ||    26
  Eat: Chunk             |    16 |     9 |    20 |    40 |    49 ||   134
Armor: Robe              |     9 |    41 |    63 |       |       ||   113
       Leather armour    |       |       |    19 |   158 |   294 ||   471
Dodge: Dodged            |    24 |    66 |    96 |   205 |   368 ||   759
Block: Other             |       |       |       |       |     1 ||     1
